TOP OF THE 1ST |
Florida State University Seminoles batting - Pitching for Coastal Carolina University Chanticleers : LHP Jim Unknown
|
Pitching: LHP Jim Unknown
|
|
Batting: RHB Jim Unknown
|
0-0: Called Strike 0-1: Foul Ball, location: 2F 0-2: Strikes out swinging
|
Batting: RHB Jim Unknown
|
0-0: Ball 1-0: Fly out, F9 (Flyball, 9S, EV 93.8 MPH)
|
Batting: SHB Jim Unknown
|
0-0: Foul Ball, location: 2F 0-1: Foul Ball, location: 2F 0-2: Foul Ball, location: 2F 0-2: Ball 1-2: Hit by Pitch
|
Batting: RHB Jim Unknown
|
0-0: Ball 1-0: Called Strike 1-1: Called Strike 1-2: Fly out, F2 (Popup, 25F, EV 90.0 MPH)
|
Top of the 1st over - 0 runs, 0 hits, 0 errors, 1 left on base; Florida State University 0 - Coastal Carolina University 0 |
BOTTOM OF THE 1ST |
Coastal Carolina University Chanticleers batting - Pitching for Florida State University Seminoles : LHP Jim Unknown
|
Pitching: LHP Jim Unknown
|
|
Batting: LHB Jim Unknown
|
0-0: Called Strike 0-1: Ball 1-1: Called Strike 1-2: Ball 2-2: Strikes out swinging
|
Batting: RHB Jim Unknown
|
0-0: Foul Ball, location: 2F 0-1: Swinging Strike 0-2: Strikes out looking
|
Batting: RHB Jim Unknown
|
0-0: Called Strike 0-1: Foul Ball, location: 2F 0-2: Ball 1-2: Ball 2-2: Foul Ball, location: 2F 2-2: Fly out, F7 (Flyball, 7S, EV 82.5 MPH)
|
Bottom of the 1st over - 0 runs, 0 hits, 0 errors, 0 left on base; Florida State University 0 - Coastal Carolina University 0 |
TOP OF THE 2ND |
Florida State University Seminoles batting - Pitching for Coastal Carolina University Chanticleers : LHP Jim Unknown
|
Batting: SHB Jim Unknown
|
0-0: Foul Ball, location: 2F 0-1: Foul Ball, location: 2F 0-2: Ball 1-2: Strikes out looking
|
Batting: RHB Jim Unknown
|
0-0: Called Strike 0-1: Ball 1-1: Foul Ball, location: 2F 1-2: Foul Ball, location: 2F 1-2: Foul Ball, location: 2F 1-2: SINGLE (Groundball, P, EV 83.8 MPH) (infield hit)
|
Batting: RHB Jim Unknown
|
0-0: Ball 1-0: Foul Ball, location: 2F 1-1: Ball 2-1: Called Strike 2-2: Strikes out looking
|
Batting: RHB Jim Unknown
|
0-0: Called Strike 0-1: Fielders Choice at 2nd, 6-4 (Groundball, 56, EV 80.6 MPH)
|
Top of the 2nd over - 0 runs, 1 hit, 0 errors, 1 left on base; Florida State University 0 - Coastal Carolina University 0 |
BOTTOM OF THE 2ND |
Coastal Carolina University Chanticleers batting - Pitching for Florida State University Seminoles : LHP Jim Unknown
|
Batting: LHB Jim Unknown
|
0-0: Swinging Strike 0-1: SINGLE (Groundball, 34D, EV 103.1 MPH)
|
Batting: LHB Jim Unknown
|
0-0: Foul Ball, location: 2F 0-1: Swinging Strike 0-2: Ball 1-2: Ball 2-2: Foul Ball, location: 2F 2-2: Fly out, F7 (Flyball, 78XD, EV 100.0 MPH)
|
Batting: RHB Jim Unknown
|
0-0: Called Strike 0-1: Ball 1-1: Swinging Strike 1-2: Foul Ball, location: 2F 1-2: Ball 2-2: Ball 3-2: SINGLE (Groundball, 6MD, EV 94.4 MPH) Jim Unknown to second
|
Batting: SHB Jim Unknown
|
0-0: Ball 1-0: Foul Ball, location: 2F 1-1: Foul Ball, location: 2F 1-2: Ball 2-2: Foul Ball, location: 2F 2-2: Foul Ball, location: 2F 2-2: Fly out, F7 (Flyball, 78M, EV 90.0 MPH)
|
Batting: RHB Jim Unknown
|
0-0: Ball 1-0: Ball 2-0: Ball 3-0: Foul Ball, location: 2F 3-1: Base on Balls Jim Unknown to third Jim Unknown to second
|
Batting: RHB Jim Unknown
|
0-0: Ball 1-0: Ball 2-0: Reached on error, E4 (Groundball, 4, EV 85.0 MPH) Jim Unknown scores Jim Unknown to third Jim Unknown to second
|
Batting: LHB Jim Unknown
|
0-0: DOUBLE (Line Drive, 7LS, EV 98.1 MPH) Jim Unknown scores Jim Unknown scores Jim Unknown to third Runner from 3rd tries for Home, SAFE, throw by LF to trailing runner, SAFE at third!
|
Batting: RHB Jim Unknown
|
0-0: Foul Ball, location: 2F 0-1: Ball 1-1: Foul Ball, location: 2F 1-2: Ball 2-2: Foul Ball, location: 2F 2-2: Reached on error, E3 (Groundball, 34, EV 88.1 MPH) Jim Unknown scores
|
Batting: RHB Jim Unknown
|
0-0: Called Strike 0-1: Fly out, F9 (Line Drive, 9D, EV 86.2 MPH)
|
Bottom of the 2nd over - 5 runs, 3 hits, 2 errors, 1 left on base; Florida State University 0 - Coastal Carolina University 5 |
TOP OF THE 3RD |
Florida State University Seminoles batting - Pitching for Coastal Carolina University Chanticleers : LHP Jim Unknown
|
Batting: LHB Jim Unknown
|
0-0: SINGLE (Groundball, 6D, EV 101.2 MPH)
|
Batting: RHB Jim Unknown
|
0-0: Ball 1-0: Ball 2-0: Ball 3-0: Foul Ball, location: 2F 3-1: Foul Ball, location: 2F 3-2: Base on Balls Jim Unknown to second
|
Batting: RHB Jim Unknown
|
0-0: Ball 1-0: Foul Ball, location: 2F 1-1: Ball 2-1: Ball 3-1: Called Strike 3-2: Foul Ball, location: 2F 3-2: Base on Balls Jim Unknown to third Jim Unknown to second
|
Batting: SHB Jim Unknown
|
0-0: Ball 1-0: Foul Ball, location: 2F 1-1: Foul Ball, location: 2F 1-2: Ball 2-2: Foul Ball, location: 2F 2-2: Strikes out swinging
|
Batting: RHB Jim Unknown
|
0-0: Called Strike 0-1: Ball 1-1: Swinging Strike 1-2: Fly out, F9 (Flyball, 8RS, EV 94.4 MPH)
|
Batting: SHB Jim Unknown
|
0-0: Ball 1-0: Called Strike 1-1: Ball 2-1: Foul Ball, location: 2F 2-2: Strikes out swinging
|
Top of the 3rd over - 0 runs, 1 hit, 0 errors, 3 left on base; Florida State University 0 - Coastal Carolina University 5 |
BOTTOM OF THE 3RD |
Coastal Carolina University Chanticleers batting - Pitching for Florida State University Seminoles : LHP Jim Unknown
|
Batting: LHB Jim Unknown
|
0-0: Swinging Strike 0-1: Called Strike 0-2: SINGLE (Line Drive, 6D, EV 99.4 MPH)
|
Pitching: RHP Jim Unknown
|
|
Batting: LHB Jim Unknown
|
Pickoff Throw to First - Out! 1-3 0-0: Called Strike 0-1: Called Strike 0-2: Strikes out looking
|
Batting: RHB Jim Unknown
|
0-0: Called Strike 0-1: Ball 1-1: Ball 2-1: Foul Ball, location: 2F 2-2: Foul Ball, location: 2F 2-2: Foul Ball, location: 2F 2-2: Foul Ball, location: 2F 2-2: Foul Ball, location: 2F 2-2: Fly out, F9 (Flyball, 9D, EV 106.9 MPH)
|
Bottom of the 3rd over - 0 runs, 1 hit, 0 errors, 0 left on base; Florida State University 0 - Coastal Carolina University 5 |
TOP OF THE 4TH |
Florida State University Seminoles batting - Pitching for Coastal Carolina University Chanticleers : LHP Jim Unknown
|
Batting: RHB Jim Unknown
|
0-0: Ball 1-0: Foul Ball, location: 2F 1-1: Ball 2-1: Swinging Strike 2-2: Strikes out looking
|
Batting: RHB Jim Unknown
|
0-0: Foul Ball, location: 2F 0-1: Foul Ball, location: 2F 0-2: Ball 1-2: Foul Ball, location: 2F 1-2: Strikes out swinging
|
Batting: RHB Jim Unknown
|
0-0: Swinging Strike 0-1: Ball 1-1: Ball 2-1: Foul Ball, location: 2F 2-2: Foul Ball, location: 2F 2-2: Ball 3-2: Foul Ball, location: 2F 3-2: Ground out 1-3 (Groundball, 13S, EV 70.0 MPH)
|
Top of the 4th over - 0 runs, 0 hits, 0 errors, 0 left on base; Florida State University 0 - Coastal Carolina University 5 |
BOTTOM OF THE 4TH |
Coastal Carolina University Chanticleers batting - Pitching for Florida State University Seminoles : RHP Jim Unknown
|
Batting: SHB Jim Unknown
|
0-0: Ball 1-0: Ball 2-0: Ball 3-0: Called Strike 3-1: SINGLE (Line Drive, 56D, EV 100.6 MPH)
|
Batting: RHB Jim Unknown
|
0-0: Ball 1-0: Called Strike 1-1: Swinging Strike 1-2: Foul Ball, location: 2F 1-2: Ball 2-2: SINGLE (Groundball, 56S, EV 70.0 MPH) (infield hit) Jim Unknown to second
|
Batting: RHB Jim Unknown
|
0-0: Ball 1-0: Ball 2-0: Foul Ball, location: 2F 2-1: Foul Ball, location: 2F 2-2: SINGLE (Groundball, 4MD, EV 94.4 MPH) Jim Unknown to third Jim Unknown to second Runner from 3rd tries for Home, SAFE, throw by CF to home
|
Batting: LHB Jim Unknown
|
0-0: DOUBLE (Line Drive, 7D, EV 95.0 MPH) Jim Unknown scores Jim Unknown to third
|
Batting: RHB Jim Unknown
|
0-0: Foul Ball, location: 2F 0-1: Reached on error, E6 (Groundball, 6, EV 86.9 MPH) Jim Unknown scores Jim Unknown to third
|
Batting: RHB Jim Unknown
|
0-0: Foul Ball, location: 2F 0-1: Fielders Choice at 2nd, 3-6 (Groundball, 3, EV 81.2 MPH) Jim Unknown scores
|
Batting: LHB Jim Unknown
|
0-0: Hit by Pitch Jim Unknown to second
|
Batting: LHB Jim Unknown
|
0-0: Foul Ball, location: 2F 0-1: Ball 1-1: Foul Ball, location: 2F 1-2: Ball 2-2: Foul Ball, location: 2F 2-2: Ball 3-2: Fielders Choice at 2nd, 3-6 (Groundball, 34, EV 94.4 MPH) Jim Unknown to third
|
Batting: RHB Jim Unknown
|
0-0: Ball 1-0: Foul Ball, location: 2F 1-1: Ball 2-1: Foul Ball, location: 2F 2-2: Ball 3-2: Fly out, F9 (Flyball, 9LM, EV 84.4 MPH)
|
Bottom of the 4th over - 4 runs, 4 hits, 1 error, 2 left on base; Florida State University 0 - Coastal Carolina University 9 |
TOP OF THE 5TH |
Florida State University Seminoles batting - Pitching for Coastal Carolina University Chanticleers : LHP Jim Unknown
|
Pitching: RHP Jim Unknown
|
|
Batting: LHB Jim Unknown
|
0-0: SINGLE (Groundball, 4MS, EV 96.2 MPH)
|
Batting: RHB Jim Unknown
|
0-0: Ball 1-0: Foul Ball, location: 2F 1-1: Foul Ball, location: 2F 1-2: Fielders Choice at 2nd, 4-6 (Groundball, 34, EV 106.9 MPH)
|
Batting: RHB Jim Unknown
|
0-0: Ball 1-0: Fly out, F8 (Line Drive, 8RM, EV 99.4 MPH)
|
Batting: SHB Jim Unknown
|
0-0: Ball 1-0: Foul Ball, location: 2F 1-1: Ball 2-1: Ball 3-1: SINGLE (Groundball, 4, EV 99.4 MPH) Jim Unknown to second
|
Batting: RHB Jim Unknown
|
0-0: Ball 1-0: Called Strike 1-1: Foul Ball, location: 2F 1-2: Foul Ball, location: 2F 1-2: Fly out, F7 (Flyball, 7, EV 75.6 MPH)
|
Top of the 5th over - 0 runs, 2 hits, 0 errors, 2 left on base; Florida State University 0 - Coastal Carolina University 9 |
BOTTOM OF THE 5TH |
Coastal Carolina University Chanticleers batting - Pitching for Florida State University Seminoles : RHP Jim Unknown
|
Batting: SHB Jim Unknown
|
0-0: Ball 1-0: Ground out U3 (Groundball, 3, EV 86.9 MPH)
|
Batting: RHB Jim Unknown
|
0-0: Called Strike 0-1: Fly out, F8 (Line Drive, 8LM, EV 102.5 MPH)
|
Batting: RHB Jim Unknown
|
0-0: Ground out 6-3 (Groundball, 6, EV 107.5 MPH)
|
Bottom of the 5th over - 0 runs, 0 hits, 0 errors, 0 left on base; Florida State University 0 - Coastal Carolina University 9 |
TOP OF THE 6TH |
Florida State University Seminoles batting - Pitching for Coastal Carolina University Chanticleers : RHP Jim Unknown
|
Batting: SHB Jim Unknown
|
0-0: Called Strike 0-1: Foul Ball, location: 2F 0-2: DOUBLE (Line Drive, 7LM, EV 101.9 MPH)
|
Batting: RHB Jim Unknown
|
0-0: Ball 1-0: Foul Ball, location: 2F 1-1: Foul Ball, location: 2F 1-2: Ball 2-2: Foul Ball, location: 2F 2-2: Foul Ball, location: 2F 2-2: Reached on error, E4 (Groundball, 4, EV 83.1 MPH) Jim Unknown scores
|
Batting: RHB Jim Unknown
|
0-0: Foul Ball, location: 2F 0-1: Foul Ball, location: 2F 0-2: Ball 1-2: Ground out U3 (Groundball, 34D, EV 101.9 MPH) Jim Unknown to third
|
Batting: RHB Jim Unknown
|
0-0: SINGLE (Groundball, 4S, EV 73.8 MPH) (infield hit) Jim Unknown scores
|
Batting: LHB Jim Unknown
|
0-0: Foul Ball, location: 2F 0-1: Ball 1-1: Foul Ball, location: 2F 1-2: Foul Ball, location: 2F 1-2: Ball 2-2: Strikes out swinging
|
Batting: RHB Jim Unknown
|
0-0: Ball 1-0: Foul Ball, location: 2F 1-1: Fly out, F8 (Flyball, 8RM, EV 71.2 MPH)
|
Top of the 6th over - 2 runs, 2 hits, 1 error, 1 left on base; Florida State University 2 - Coastal Carolina University 9 |
BOTTOM OF THE 6TH |
Coastal Carolina University Chanticleers batting - Pitching for Florida State University Seminoles : RHP Jim Unknown
|
Batting: LHB Jim Unknown
|
0-0: Hit by Pitch
|
Batting: RHB Jim Unknown
|
0-0: Foul Ball, location: 2F 0-1: Reached on error, E1 (Groundball, 13S, EV 70.6 MPH) Jim Unknown to second
|
Batting: RHB Jim Unknown
|
0-0: Ball 1-0: Called Strike 1-1: Ball 2-1: Foul Ball, location: 2F 2-2: Ball 3-2: Fielders Choice at 2nd, 6-4 (Groundball, 6S, EV 85.0 MPH) Jim Unknown to third
|
Pitching: RHP Jim Unknown
|
|
Batting: LHB Jim Unknown
|
0-0: Called Strike 0-1: Ball 1-1: SINGLE (Groundball, 15S, EV 68.8 MPH) (infield hit) Jim Unknown to second
|
Batting: LHB Jim Unknown
|
0-0: Ball 1-0: Foul Ball, location: 2F 1-1: Foul Ball, location: 2F 1-2: Ball 2-2: Foul Ball, location: 2F 2-2: Ball 3-2: Foul Ball, location: 2F 3-2: Fly out, F2 (Popup, 3SF, EV 85.0 MPH)
|
Batting: RHB Jim Unknown
|
0-0: Called Strike 0-1: Ball 1-1: Foul Ball, location: 2F 1-2: Foul Ball, location: 2F 1-2: Strikes out swinging
|
Bottom of the 6th over - 0 runs, 1 hit, 1 error, 3 left on base; Florida State University 2 - Coastal Carolina University 9 |
TOP OF THE 7TH |
Florida State University Seminoles batting - Pitching for Coastal Carolina University Chanticleers : RHP Jim Unknown
|
Batting: RHB Jim Unknown
|
0-0: Called Strike 0-1: Ball 1-1: Ball 2-1: Reached on error, E6 (Groundball, 6, EV 101.2 MPH)
|
Batting: SHB Jim Unknown
|
0-0: Foul Ball, location: 2F 0-1: Foul Ball, location: 2F 0-2: Ball 1-2: Ball 2-2: Foul Ball, location: 2F 2-2: Foul Ball, location: 2F 2-2: Foul Ball, location: 2F 2-2: Fly out, F2 (Popup, 2R, EV 96.9 MPH)
|
Pitching: LHP Jim Unknown
|
|
Batting: RHB Jim Unknown
|
0-0: Foul Ball, location: 2F 0-1: Ball 1-1: Called Strike 1-2: SINGLE (Groundball, 6D, EV 95.0 MPH) Jim Unknown to second
|
Batting: SHB Jim Unknown
|
0-0: Swinging Strike 0-1: Called Strike 0-2: Ball Wild Pitch! Jim Unknown to third Jim Unknown to second 1-2: Ground out 4-3 (Groundball, 34, EV 83.1 MPH) Jim Unknown scores Jim Unknown to third
|
Batting: RHB Jim Unknown
|
0-0: Ball 1-0: Called Strike 1-1: Foul Ball, location: 2F 1-2: Ball 2-2: Foul Ball, location: 2F 2-2: Ball 3-2: Reached on error, E9 (Flyball, 8RM, EV 90.6 MPH) Jim Unknown scores
|
Batting: RHB Jim Unknown
|
0-0: Called Strike 0-1: Ball 1-1: DOUBLE (Groundball, 3L, EV 104.4 MPH) Jim Unknown scores
|
Batting: RHB Jim Unknown
|
0-0: Ball 1-0: Ball 2-0: Foul Ball, location: 2F 2-1: Ball 3-1: Swinging Strike 3-2: Ground out U3 (Groundball, 3, EV 90.6 MPH)
|
Top of the 7th over - 3 runs, 2 hits, 2 errors, 1 left on base; Florida State University 5 - Coastal Carolina University 9 |
BOTTOM OF THE 7TH |
Coastal Carolina University Chanticleers batting - Pitching for Florida State University Seminoles : RHP Jim Unknown
|
Batting: SHB Jim Unknown
|
0-0: Ball 1-0: Called Strike 1-1: Swinging Strike 1-2: Strikes out swinging
|
Batting: RHB Jim Unknown
|
0-0: Called Strike 0-1: Ball 1-1: Called Strike 1-2: Ball 2-2: Ball 3-2: Foul Ball, location: 2F 3-2: Base on Balls
|
Batting: RHB Jim Unknown
|
0-0: Swinging Strike 0-1: Ball 1-1: Ball 2-1: Called Strike 2-2: Strikes out swinging
|
Batting: LHB Jim Unknown
|
0-0: Called Strike 0-1: Ground out 4-3 (Groundball, 4, EV 78.8 MPH)
|
Bottom of the 7th over - 0 runs, 0 hits, 0 errors, 1 left on base; Florida State University 5 - Coastal Carolina University 9 |
TOP OF THE 8TH |
Florida State University Seminoles batting - Pitching for Coastal Carolina University Chanticleers : LHP Jim Unknown
|
Batting: LHB Jim Unknown
|
0-0: Called Strike 0-1: Ball 1-1: Swinging Strike 1-2: Ball 2-2: Foul Ball, location: 2F 2-2: Foul Ball, location: 2F 2-2: Fly out, F6 (Flyball, 6D, EV 79.4 MPH)
|
Batting: RHB Jim Unknown
|
0-0: Foul Ball, location: 2F 0-1: Ground out 5-3 (Groundball, 56, EV 77.5 MPH)
|
Batting: RHB Jim Unknown
|
0-0: Swinging Strike 0-1: Ball 1-1: Foul Ball, location: 2F 1-2: Ball 2-2: Ball 3-2: Base on Balls
|
Batting: SHB Jim Unknown
|
0-0: Ground out 3-1 (Groundball, 34S, EV 81.9 MPH)
|
Top of the 8th over - 0 runs, 0 hits, 0 errors, 1 left on base; Florida State University 5 - Coastal Carolina University 9 |
BOTTOM OF THE 8TH |
Coastal Carolina University Chanticleers batting - Pitching for Florida State University Seminoles : RHP Jim Unknown
|
Batting: RHB Jim Unknown
|
0-0: Called Strike 0-1: SINGLE (Flyball, 8RS, EV 98.8 MPH)
|
Batting: RHB Jim Unknown
|
0-0: Ball 1-0: Fly out, F8 (Line Drive, 8RM, EV 90.0 MPH)
|
Batting: LHB Jim Unknown
|
0-0: Ball 1-0: Ball 2-0: Ball 3-0: Called Strike 3-1: Called Strike 3-2: Base on Balls Jim Unknown to second
|
Batting: LHB Jim Unknown
|
0-0: Called Strike 0-1: Ball 1-1: Ball 2-1: Foul Ball, location: 2F 2-2: Ball 3-2: Foul Ball, location: 2F 3-2: Fly out, F9 (Flyball, 89D, EV 81.2 MPH) Runner from 2nd tags up, SAFE at 3rd with throw by RF
|
Batting: RHB Jim Unknown
|
0-0: Foul Ball, location: 2F 0-1: Swinging Strike 0-2: Ball 1-2: SINGLE (Groundball, 6D, EV 102.5 MPH) Jim Unknown scores Jim Unknown to second
|
Batting: SHB Jim Unknown
|
0-0: Ball 1-0: Ball 2-0: Ball 3-0: Base on Balls Jim Unknown to third Jim Unknown to second
|
Batting: RHB Jim Unknown
|
0-0: Ball 1-0: Ball 2-0: Called Strike 2-1: Ball 3-1: Base on Balls Jim Unknown scores Jim Unknown to third Jim Unknown to second
|
Batting: RHB Jim Unknown
|
0-0: Called Strike 0-1: Ball 1-1: Ball 2-1: SINGLE (Line Drive, 9S, EV 98.1 MPH) Jim Unknown scores Jim Unknown to third Jim Unknown to second Runner from 3rd tries for Home, SAFE, throw by RF to home
|
Pitching: RHP Jim Unknown
|
|
Batting: LHB Jim Unknown
|
0-0: Ball 1-0: Reached on error, E7 (Flyball, 78XD, EV 92.5 MPH) Jim Unknown scores Jim Unknown to third
|
Batting: RHB Jim Unknown
|
0-0: Ball 1-0: Ball 2-0: Swinging Strike 2-1: Foul Ball, location: 2F 2-2: Ground out 6-3 (Groundball, 6, EV 98.1 MPH)
|
Bottom of the 8th over - 5 runs, 3 hits, 1 error, 2 left on base; Florida State University 5 - Coastal Carolina University 14 |
TOP OF THE 9TH |
Florida State University Seminoles batting - Pitching for Coastal Carolina University Chanticleers : LHP Jim Unknown
|
Batting: RHB Jim Unknown
|
0-0: Ball 1-0: Ball 2-0: Ball 3-0: Called Strike 3-1: DOUBLE (Flyball, 8RXD, EV 101.2 MPH)
|
Batting: SHB Jim Unknown
|
0-0: Called Strike 0-1: Ball 1-1: Foul Ball, location: 2F 1-2: Strikes out swinging
|
Batting: RHB Jim Unknown
|
0-0: Ball 1-0: Foul Ball, location: 2F 1-1: Ball 2-1: Ball 3-1: Called Strike 3-2: Ground out 6-3 (Groundball, 6, EV 103.8 MPH)
|
Batting: RHB Jim Unknown
|
0-0: Ball 1-0: Ball 2-0: Called Strike 2-1: Ball 3-1: Foul Ball, location: 2F 3-2: Reached on error, E4 (Groundball, 34, EV 100.6 MPH) Jim Unknown to third
|
Batting: RHB Jim Unknown
|
0-0: SINGLE (Groundball, 6D, EV 94.4 MPH) Jim Unknown scores Jim Unknown to second
|
Batting: LHB Jim Unknown
|
0-0: SINGLE (Groundball, 6MS, EV 71.2 MPH) (infield hit) Jim Unknown to third Jim Unknown to second
|
Pitching: RHP Jim Unknown
|
|
Batting: RHB Jim Unknown
|
0-0: Ball 1-0: Ball 2-0: Foul Ball, location: 2F 2-1: Foul Ball, location: 2F 2-2: Foul Ball, location: 2F 2-2: Ball 3-2: SINGLE (Groundball, 6D, EV 102.5 MPH) Jim Unknown scores Jim Unknown to third Jim Unknown to second Jim Unknown scores Jim Unknown to third
|
Batting: RHB Jim Unknown
|
0-0: Ball 1-0: Ball 2-0: Ball 3-0: Base on Balls Jim Unknown to second
|
Batting: SHB Jim Unknown
|
0-0: Ball 1-0: Ball 2-0: Called Strike 2-1: Swinging Strike 2-2: Foul Ball, location: 2F 2-2: Ball 3-2: Strikes out looking
|
Top of the 9th over - 3 runs, 4 hits, 1 error, 3 left on base; Florida State University 8 - Coastal Carolina University 14 |
|